 Dungeon Crawl Stone Soup version 0.31-a0-846-gb3bcc0d938 (webtiles) character file.

Game seed: 10054155480823160410

26 Danienth the Sneak (level 2, 0/13 HPs)
             Began as a Spriggan Enchanter on Oct 3, 2023.
             Succumbed to an adder's poison
             ... on level 2 of the Dungeon.
             The game lasted 00:03:22 (1056 turns).

Danienth the Sneak (Spriggan Enchanter)             Turns: 1056, Time: 00:03:23

Health: 0/13       AC:  2    Str:  4    XL:     2   Next: 89%
Magic:  4/6        EV: 17    Int: 16    God:
Gold:   31         SH:  0    Dex: 15    Spells: 4/6 levels left

rFire   . . .        a - +1 dagger
rCold   . . .        (no shield)
rNeg    . . .        b - +0 robe
rPois   .            (helmet restricted)
rElec   .            g - scarf {shadows}
rCorr   .            (gloves unavailable)
SInv    +            (boots unavailable)
Will    .....        (no amulet)
Stlth   +++          (no ring)
HPRegen 0.22/turn    (no ring)
MPRegen 0.10/turn

%: no passive effects
@: lethally poisoned (0 -> -1), very quick
A: very small, no large weapons, unfitting armour, see invisible, speed 3
a: no special abilities


You were on level 2 of the Dungeon.
You visited 1 branch of the dungeon, and saw 2 of its levels.

You collected 31 gold pieces.

Inventory:

Hand Weapons
 a - a +1 dagger (weapon)
Missiles
 d - 3 stones (quivered)
Armour
 b - a +0 robe (worn)
 g - a scarf of shadows (worn)
Magical Staves
 e - a staff of conjuration
Potions
 c - 2 potions of invisibility


   Skills:
 * Level 3.2 Short Blades
 - Level 2.6 Dodging
 - Level 4.4 Stealth
 - Level 2.6 Spellcasting
 - Level 3.6 Hexes


You had 4 spell levels left.
You knew the following spells:

 Your Spells              Type           Power      Damage    Failure   Level
a - Ensorcelled Hibernat  Hex/Ice        14%        N/A       14%         2

Your spell library contained the following spells:

 Spells                   Type           Power      Damage    Failure   Level
 Confusing Touch          Hex            13%        N/A       13%         3
 Tukima's Dance           Hex            13%        N/A       13%         3
 Dazzling Flash           Conj/Hex       14%        N/A       28%         3


Dungeon Overview and Level Annotations

Branches:
Dungeon (2/15)

Altars:


Innate Abilities, Weirdness & Mutations

You are very small and have problems with some larger weapons.
You are too small for most types of armour.
You have supernaturally acute eyesight. (SInv)
You cover ground extremely quickly. (Speed+++)


Message History

The adder is heavily wounded.
You feel sick.
You are no longer poisoned.
The adder misses you. The adder completely misses you.
Hit: a) +1 dagger
Press: ? - help, Dir - move target, f/p - adder
Aim: an adder (heavily wounded, about 50% to evade your +1 dagger)
You closely miss the adder.
The adder is heavily wounded.
The adder bites you.
* * * LOW HITPOINT WARNING * * *
You are lethally poisoned!
The adder poisons you!
Casting: Ensorcelled Hibernation (safe; 14% risk of failure)
Confirm with . or Enter, or press ? or * to list all spells.
Aiming: Ensorcelled Hibernation (safe; 14% risk of failure)
Press: ? - help, Shift-Dir - straight line, f/p - adder
Aim: an adder (heavily wounded, chance to affect: 50%)
The adder looks drowsy...
* * * LOW HITPOINT WARNING * * *
You feel sick.
Hit: a) +1 dagger
Press: ? - help, Dir - move target, f/p - adder
Aim: an adder (heavily wounded, asleep, about 2% to evade your +1 dagger)
The helpless adder fails to defend itself.
You impale the adder!!
You kill the adder!
* * * LOW HITPOINT WARNING * * *
You feel sick.
Your Short Blades skill increases to level 3!
Okay, then.
As you read the scroll labelled PEDOYW KUQI, it crumbles to dust.
You hear a loud clanging noise!
It was a scroll of noise.
* * * LOW HITPOINT WARNING * * *
You feel sick.
You hear a shout!
As you read the scroll labelled OLLIYT KOSTEXT, it dissolves into smoke.
It was a scroll of fog.
You die...

#.+ #># ########
#.+ #).....# #.#
#.####'######§#
#.# #.......#§#
#.###)......#@#
#...........#§#
####.#......§§#
#.##########
#..........#
##########'######
#............#
#............+
#)...........#


There were no monsters in sight!

Vanquished Creatures
  An adder (D:2)
  A ball python (D:1)
  A bat (D:1)
  An endoplasm (D:1)
  3 goblins
  A hobgoblin (D:1)
  7 frilled lizards
  2 kobolds
  2 rats
19 creatures vanquished.

Notes
Turn   | Place    | Note
-------+----------+-------------------------------------------
     0 | D:1      | Danienth the Spriggan Enchanter began the quest for the
                  | Orb.
     0 | D:1      | Reached XP level 1. HP: 9/9 MP: 5/5
   462 | D:1      | Reached XP level 2. HP: 13/13 MP: 6/6
   923 | D:2      | Found a faded altar of an unknown god.
   931 | D:2      | Learned a level 2 spell: Ensorcelled Hibernation
  1056 | D:2      | Succumbed to an adder's poison

Illustrated notes

Levels and vault maps discovered:
D:1:      dpeg_arrival_long_road, layout_loops_corners
D:2:      layout_basic, nicolae_ecumenical_pavilion, kennysheep_generic_room_4

Skill      XL: |  1  2 |
---------------+-------+-----
Short Blades   | 2 3 |  3.2
Dodging        | |  2.6
Stealth        | |  4.4
Spellcasting   | |  2.6
Hexes          | |  3.6

Action                     || total
---------------------------++-------
  Melee: Dagger            ||    71
  Throw: Stone             ||     2
   Cast: Ensorcelled Hiber ||     1
    Use: Scroll            ||     2
   Stab: Sleeping          ||     7
 Armour: Robe              ||    14
  Dodge: Dodged            ||    44

Table legend: (Time is in decaauts)
 A = Elapsed time spent in this place.
 B = Non-inter-level travel time spent in this place.
 C = Inter-level travel time spent in this place.
 D = Time resting spent in this place.
 E = Time spent auto-exploring this place.
 F = Levels seen in this place.
 G = Mean time per level.
                   A        B        C        D        E       F      G
               +--------+--------+--------+--------+--------+-----+--------+
         Total |    681 |    660 |     21 |      0 |    520 |   2 |  340.5 |
       Dungeon |    681 |    660 |     21 |      0 |    520 |   2 |  340.5 |
               +--------+--------+--------+--------+--------+-----+--------+

Top non-repeatable levels by time:
     D:1: 587 daAuts
     D:2: 94 daAuts
